 Dungeon Crawl Stone Soup version 0.20.0-15-g7f486f2 (webtiles) character file.

683 spinkules the Chopper (level 7, 0/41 HPs)
             Began as a Gargoyle Berserker on June 29, 2017.
             Was a Priest of Trog.
             Slain by an iguana (1 damage)
             ... on level 5 of the Dungeon.
             The game lasted 00:07:46 (4778 turns).

spinkules the Chopper (Gargoyle Berserker)          Turns: 4778, Time: 00:07:47

Health: 0/41       AC: 11    Str: 20    XL:     7   Next: 61%
Magic:  7/7        EV: 12    Int:  8    God:    Trog [***...]
Gold:   186        SH:  0    Dex: 11    Spells: 6/6 levels left

rFire    . . .     SeeInvis .   a - +0 hand axe
rCold    . . .     Gourm    .   (no shield)
rNeg     + . .     Faith    .   b - +0 animal skin
rPois    ∞         Spirit   .   y - +0 helmet
rElec    +         Reflect  .   (no cloak)
rCorr    .         Harm     .   (no gloves)
MR       .....                  o - +2 pair of boots
Stlth    +.........             (no amulet)
Regen    0.2/turn               (no ring)
MPRegen  0.1/turn               (no ring)

@: berserk cooldown, slowed, very slow
A: negative energy resistance 1, electricity resistance, unbreathing,
petrification resistance, rot immunity, AC +4
a: Berserk, Trog's Hand, Burn Spellbooks, Renounce Religion


You were on level 5 of the Dungeon.
You worshipped Trog.
Trog was most pleased with you.
You were near starving.

You visited 1 branch of the dungeon, and saw 6 of its levels.

You collected 186 gold pieces.

Inventory:

Hand Weapons
 a - a +0 hand axe (weapon)
Armour
 b - a +0 animal skin (worn)
 o - a +2 pair of boots (worn)
 y - a +0 helmet (worn)
Wands
 u - a wand of flame (34/48)
 w - a wand of iceblast (8/15)
 z - a wand of lightning (9/15)
Scrolls
 d - 2 scrolls of remove curse {unknown}
 e - 6 scrolls of identify {unknown}
 f - 4 scrolls of amnesia {unknown}
 h - a scroll of fog {unknown}
 l - a scroll of recharging {unknown}
 m - 2 scrolls of teleportation {unknown}
 t - a scroll of fear {unknown}
Potions
 g - 2 potions of berserk rage {unknown}
 i - a potion of lignification {unknown}
 j - 2 potions of degeneration {unknown}
 n - a potion of curing {unknown}
 p - 2 potions of mutation {unknown}
 r - a potion of heal wounds {unknown}
 s - a potion of resistance {unknown}
 x - 3 potions of ambrosia {unknown}
 A - a potion of agility {unknown}
Comestibles
 c - 5 bread rations
 k - 3 royal jellies
 q - 2 meat rations
 v - a chunk of flesh


   Skills:
 - Level 3.2 Fighting
 + Level 7.9 Axes
 - Level 2.1 Armour
 - Level 1.5 Dodging


You had 6 spell levels left.
You didn't know any spells.

Dungeon Overview and Level Annotations

Branches:
Dungeon (6/15)
 Temple: D:4-7

Altars:
Cheibriados
Gozag
Makhleb
Nemelex Xobeh
Okawaru
Qazlal
The Shining One


Innate Abilities, Weirdness & Mutations

You are resistant to torment.
Your stone body is resilient. (AC +4)
You are immune to poison.
You resist negative energy. (rN+)
You are resistant to electric shocks. (rElec)
You can survive without breathing.
You are immune to petrification.
You are immune to rotting.


Message History

The iguana closely misses you. The iguana barely misses you.
You hit the iguana.
The iguana is lightly wounded.
The iguana bites you.
* * * LOW HITPOINT WARNING * * *
You closely miss the iguana.
The iguana is lightly wounded.
The iguana misses you.
You are near starving!
You hit the iguana.
The iguana is heavily wounded.
The iguana barely misses you. The iguana bites you.
* * * LOW HITPOINT WARNING * * *
You hit the iguana but do no damage.
The iguana is heavily wounded.
The iguana bites you but does no damage.
You hit the iguana.
The iguana is severely wounded.
The iguana bites you.
You die...

### ... #.# #.##
## #... ##
...#####.#.# ...#
........##^##.....
........l((.......
...##..#@.##.....
##.###.# ..#
.###.###.## ##.##
# ........## #.#
####.###.## ##.##
##.###.## #..#...#
#.#.#..# #.#....#


You could see an iguana.

Vanquished Creatures
  2 centaurs (D:5)
  A crimson imp (D:4)
  2 hounds (D:4)
  An orc wizard (D:5)
  A bullfrog skeleton (D:4)
  A centaur skeleton (D:5)
  2 orc priests (D:5)
  Jessica (D:3)
  Ijyb (D:4)
  2 worker ants
  8 adders
  2 oozes
  4 worms
  2 dart slugs
  A leopard gecko (D:1)
  10 orcs
  A ball python (D:3)
  6 giant cockroaches
  9 goblins
  7 hobgoblins
  6 jackals
  7 kobolds
  2 quokkas
  8 bats
  10 frilled lizards
  A jackal skeleton (D:5)
  12 rats
110 creatures vanquished.

Notes
Turn   | Place    | Note
-------+----------+-------------------------------------------
     0 | D:1      | spinkules the Gargoyle Berserker began the quest for the Orb.
     0 | D:1      | Reached XP level 1. HP: 14/14 MP: 1/1
   110 | D:1      | Reached skill level 3 in Axes
   185 | D:1      | Reached XP level 2. HP: 19/19 MP: 2/2
   643 | D:1      | Reached XP level 3. HP: 22/23 MP: 3/3
  1059 | D:2      | Found an iron altar of Okawaru.
  1401 | D:2      | Reached skill level 4 in Axes
  1899 | D:2      | Reached ** piety under Trog
  1910 | D:2      | Reached XP level 4. HP: 27/28 MP: 4/4
  2226 | D:2      | Found a burning altar of Makhleb.
  2628 | D:3      | Found a stormy altar of Qazlal.
  2723 | D:3      | Reached skill level 5 in Axes
  2866 | D:3      | Reached XP level 5. HP: 25/32 MP: 5/5
  3185 | D:3      | Noticed Jessica
  3192 | D:3      | Killed Jessica
  3251 | D:3      | Found a sparkling altar of Nemelex Xobeh.
  3251 | D:3      | Found an opulent altar of Gozag.
  3640 | D:4      | Noticed Ijyb
  3651 | D:4      | Killed Ijyb
  3655 | D:4      | Reached skill level 6 in Axes
  3655 | D:4      | Reached XP level 6. HP: 37/37 MP: 6/6
  3837 | D:4      | Found a glowing golden altar of the Shining One.
  4017 | D:4      | Found a snail-covered altar of Cheibriados.
  4465 | D:5      | Entered Level 5 of the Dungeon
  4484 | D:5      | Reached *** piety under Trog
  4484 | D:5      | Reached skill level 7 in Axes
  4484 | D:5      | Reached XP level 7. HP: 41/41 MP: 7/7
  4636 | D:5      | You fall through a shaft!
  4774 | D:5      | HP: 2/41 [iguana (6)]
  4778 | D:5      | Slain by an iguana

Skill      XL: |  1  2  3  4  5  6 |
---------------+-------------------+-----
Axes           | 3 4 5 6 7 |  7.9
Fighting       | |  3.2
Armour         | |  2.1
Dodging        | |  1.5

Action                   |  1- 3 |  4- 6 |  7- 9 || total
-------------------------+-------+-------+-------++-------
Melee: Hand axe          |   127 |   270 |    56 ||   453
Invok: Berserk           |     3 |     3 |     1 ||     7
 Stab: Sleeping          |     1 |     1 |       ||     2
  Eat: Chunk             |     6 |    11 |     1 ||    18
Armor: Animal skin       |    33 |   100 |    31 ||   164
Dodge: Dodged            |    79 |   149 |    31 ||   259
